 Dungeon Crawl Stone Soup version 0.30-b1-2-g02819fbbbe (webtiles) character file.

Game seed: 3089743092750362377

7233 MirrMurr the Marksspriggan (level 10, 0/41 HPs)
             Began as a Spriggan Hunter on May 20, 2023.
             Was a Priest of Hepliaklqana.
             Slain by a two-headed ogre
             ... wielding a +0 giant club
              (17 damage)
             ... on level 10 of the Dungeon.
             The game lasted 00:23:20 (9533 turns).

MirrMurr the Marksspriggan (Spriggan Hunter)        Turns: 9533, Time: 00:23:21

Health: 0/41       AC:  5    Str: 15    XL:     10   Next: 88%
Magic:  11/11      EV: 25    Int: 12    God:    Hepliaklqana [***...]
Gold:   460        SH:  0    Dex: 20    Spells: 9/9 levels left

rFire   . . .        a - +0 shortbow
rCold   . . .        (shield currently unavailable)
rNeg    + . .        c - +1 robe
rPois   +            (helmet restricted)
rElec   .            E - +1 cloak {rPois}
rCorr   .            (gloves unavailable)
SInv    +            (boots unavailable)
Will    +....        y - amulet of the acrobat
Stlth   ++           A - +6 ring of strength
HPRegen 0.26/turn    D - ring of positive energy
MPRegen 0.12/turn

%: acrobat
@: very quick
A: reduced essence, very small, no large weapons, unfitting armour, see
invisible, speed 3
a: Renounce Religion, Recall Ancestor, Ancestor Identity, Transference


You were on level 10 of the Dungeon.
You worshipped Hepliaklqana.
Hepliaklqana was most pleased with you.
You visited 2 branches of the dungeon, and saw 11 of its levels.
You also visited: Ossuary.

You collected 460 gold pieces.

Inventory:

Hand Weapons
 a - a +0 shortbow (weapon)
 b - a +2 short sword of venom
Missiles
 d - 5 boomerangs
 j - 60 stones
 p - 18 poisoned darts
 t - 2 throwing nets
Armour
 c - a +1 robe (worn)
 E - a +1 cloak of poison resistance (worn)
Jewellery
 g - a ring of fire
 y - an amulet of the acrobat (around neck)
 A - a +6 ring of strength (left hand)
 B - a +6 ring of intelligence
 D - a ring of positive energy (right hand)
Wands
 n - a wand of charming (12)
 s - a wand of flame (5)
 C - a wand of digging (8)
 I - a wand of iceblast (18)
 M - a wand of mindburst (15)
Scrolls
 f - 3 scrolls of immolation
 h - 2 scrolls of teleportation
 i - a scroll of enchant armour
 x - 2 scrolls of fear
 G - 2 scrolls of fog
 K - 2 scrolls of magic mapping
Potions
 e - 3 potions of brilliance
 k - a potion of might {unknown}
 m - a potion of cancellation {unknown}
 o - a potion of haste
 q - 5 potions of curing
 r - 3 potions of lignification
 u - a potion of resistance {unknown}
 v - 3 potions of flight
 w - 3 potions of invisibility
 z - 3 potions of mutation
 F - 2 potions of heal wounds
 L - a potion of attraction {unknown}


   Skills:
 - Level 1.5 Fighting
 * Level 15.4 Ranged Weapons
 - Level 10.0 Dodging
 - Level 1.5 Stealth


You had 9 spell levels left.
You didn't know any spells.
Your spell library contained the following spells:

 Spells                   Type           Power      Damage    Failure   Level
 Static Discharge         Conj/Air       0%         2-2/arc   45%         2
 Airstrike                Air            0%         2d(0-16)  97%         4
 Anguish                  Hex/Necr       0%         N/A       97%         4
 Animate Dead             Necr           0%         N/A       97%         4
 Cause Fear               Hex            0%         N/A       97%         4
 Summon Lightning Spire   Summ/Air       0%         N/A       97%         4
 Blade Hands              Tmut           0%         N/A       100%        5
 Borgnjor's Vile Clutch   Necr/Erth      0%         N/A       100%        5
 Irradiate                Conj/Tmut      0%         3d11      100%        5
 Death Channel            Necr           0%         N/A       100%        6
 Dragon Form              Tmut           0%         N/A       100%        7
 Enfeeble                 Hex            0%         N/A       100%        7


Dungeon Overview and Level Annotations

Branches:
Dungeon (10/15)            Temple (1/1) D:4         Ossuary (visited)
   Lair: D:8-11         Orc: D:9-12

Altars:
Ashenzari
Cheibriados
Dithmenos
Elyvilon
Fedhas
Gozag
Hepliaklqana
Kikubaaqudgha
Makhleb
Nemelex Xobeh
Okawaru
Qazlal
Ru
Sif Muna
Trog
Uskayaw
Vehumet
Wu Jian
Xom
Yredelemnul
Zin
The Shining One

Shops:
D:4 *   D:6 =

Annotations:
D:9 exclusions: ice statue and obsidian statue


Innate Abilities, Weirdness & Mutations

Your life essence is reduced to manifest your ancestor. (-10% HP)
You are very small and have problems with some larger weapons.
You are too small for most types of armour.
You have supernaturally acute eyesight. (SInv)
You cover ground extremely quickly. (Speed+++)


Message History

The unseen horror is severely wounded.
The unseen horror hits you.
You shoot an arrow. The arrow hits the unseen horror.
The unseen horror is severely wounded.
You shoot an arrow. The arrow hits the unseen horror!
You kill the unseen horror!
No target in view!
No target in view!
Found a potion of lignification.
You hear the faint creaking of a distant portcullis.
Found a stone staircase leading down.
Found a potion of flight.
v - 3 potions of flight (gained 1)
You swap places.
Okay, then.
You hear the faint creaking of a very distant portcullis.
You start waiting.
You hear the faint creaking of a very distant portcullis.
A two-headed ogre comes into view. It is wielding two +0 giant clubs.
The two-headed ogre shouts in stereo!
A wight comes into view. It is wielding a +0 halberd.
You shoot an arrow. The arrow hits the two-headed ogre!
The two-headed ogre is moderately wounded.
You shoot an arrow. The arrow hits the two-headed ogre!
The two-headed ogre is moderately wounded.
Teglagyarimegallo points at the two-headed ogre and mumbles some strange words.
The two-headed ogre easily resists.
You shoot an arrow.
The arrow barely misses the two-headed ogre.
Teglagyarimegallo avoids your attack.
You shoot an arrow.
The arrow hits the two-headed ogre but does no damage.
The two-headed ogre is moderately wounded.
You shoot an arrow.
The arrow closely misses the two-headed ogre.
Teglagyarimegallo avoids your attack.
The two-headed ogre hits you with a +0 giant club!!
Ouch! That really hurt!
The two-headed ogre hits you with a +0 giant club!
You die...

..# # # #.#
##...#
#..#.##.#
...#
........##
##.#
#######..#
P #R.# .#
#..# .#
#..# e#
#O.# P#
#@.# ##
#..# ...#
....#
...z..
........
.........
...........


You could see the friendly Teglagyarimegallo the hexer, a two-headed ogre (ally
target) and a wight.

Vanquished Creatures
  Pikel (D:8)
  An unseen horror (D:10)
  A wyvern (D:8)
  A vampire (D:10)
  7 yaks
  An orc warrior (D:7)
  2 sky beasts (D:7)
  2 ice beasts (D:5)
  A black bear (D:5)
  2 ogres
  2 centaurs
  A bullfrog (D:7)
  An elf zombie (Ossuary)
  2 kobold brigands
  17 wights
  7 killer bees
  3 hounds
  A centaur zombie (Ossuary)
  A jelly (D:5)
  2 orc priests
  Crazy Yiuf (D:5)
  4 iguanas
  Terence (D:2)
  3 orc wizards (D:8)
  2 mummies
  2 gnolls (D:8)
  7 adders
  A shadow imp (D:5)
  3 adder zombies (Ossuary)
  3 worms
  2 dart slugs
  24 orcs
  5 ball pythons
  8 endoplasms
  3 giant cockroaches
  8 goblins
  5 hobgoblins
  16 kobolds
  4 quokkas
  8 bats
  4 frilled lizards
  2 goblin zombies (Ossuary)
  9 hobgoblin zombies (Ossuary)
  A jackal zombie (Ossuary)
  10 kobold zombies (Ossuary)
  6 orc zombies (Ossuary)
  8 rats
  2 rat zombies (Ossuary)
208 creatures vanquished.

Vanquished Creatures (collateral kills)
  A hornet (D:10)
  Prince Ribbit (D:8)
  A wraith (D:9)
  A vampire (D:10)
  3 yaks
  A wyvern (D:9)
  An orc warrior (D:8)
  A black bear (D:7)
  An ogre (D:6)
  A phantom (D:6)
  A lemure (D:8)
  5 wights
  2 killer bees (D:9)
  A howler monkey (D:5)
  An orc priest (D:7)
  2 sleepcaps
  A gnoll bouda (D:8)
  2 orc wizards
  A mummy (Ossuary)
  A gnoll (D:8)
  A white imp (D:6)
  5 orcs
  3 kobolds (D:5)
  A hobgoblin zombie (Ossuary)
39 creatures vanquished.

Vanquished Creatures (others)
  5 hexers
  3 ancestors
  5 plants (D:5)
13 creatures vanquished.

Grand Total: 260 creatures vanquished

Notes
Turn   | Place    | Note
-------+----------+-------------------------------------------
     0 | D:1      | MirrMurr the Spriggan Hunter began the quest for the Orb.
     0 | D:1      | Reached XP level 1. HP: 10/10 MP: 2/2
   111 | D:1      | Reached XP level 2. HP: 14/14 MP: 3/3
   362 | D:1      | Found a faded altar of an unknown god.
   492 | D:2      | Noticed Terence
   550 | D:2      | Reached XP level 3. HP: 18/18 MP: 4/4
   710 | D:2      | Killed Terence
   711 | D:2      | Reached skill level 5 in Ranged Weapons
   793 | D:2      | Reached XP level 4. HP: 11/22 MP: 5/5
  1602 | D:3      | Reached XP level 5. HP: 25/25 MP: 6/6
  1847 | D:3      | Reached skill level 6 in Ranged Weapons
  1900 | D:3      | Found a radiant altar of Vehumet.
  2088 | D:4      | Found a staircase to the Ecumenical Temple.
  2103 | Temple   | Entered the Ecumenical Temple
  2169 | Temple   | Became a worshipper of Hepliaklqana the Forgotten
  2377 | D:4      | Reached * piety under Hepliaklqana
  2442 | D:4      | Reached skill level 5 in Dodging
  2467 | D:4      | Found Mutemouff's Assorted Antiques.
  2510 | D:4      | Found a sand-covered staircase.
  2572 | Ossuary  | Entered an ossuary
  2904 | Ossuary  | Reached XP level 6. HP: 4/27 MP: 7/7
  3591 | D:4      | Reached skill level 7 in Ranged Weapons
  3750 | D:5      | Entered Level 5 of the Dungeon
  4122 | D:5      | Reached XP level 7. HP: 29/29 MP: 8/8
  4404 | D:5      | Reached skill level 8 in Ranged Weapons
  4698 | D:5      | Reached ** piety under Hepliaklqana
  4832 | D:5      | Reached XP level 8. HP: 22/33 MP: 9/9
  4963 | D:5      | Found a runed translucent door.
  4964 | D:5      | Noticed Crazy Yiuf
  5104 | D:5      | Killed Crazy Yiuf
  5256 | D:6      | Reached skill level 9 in Ranged Weapons
  5493 | D:6      | Found Wiamo's Jewellery Boutique.
  5909 | D:6      | Remembered your ancestor Teglagyarimegallo as a hexer
  6013 | D:6      | Reached skill level 10 in Ranged Weapons
  6550 | D:7      | Reached XP level 9. HP: 36/36 MP: 10/10
  6849 | D:7      | Reached skill level 11 in Ranged Weapons
  6961 | D:8      | Reached skill level 10 in Dodging
  6980 | D:8      | Noticed Prince Ribbit
  6991 | D:8      | Killed Prince Ribbit
  7058 | D:8      | Noticed Pikel
  7100 | D:8      | Killed Pikel
  7101 | D:8      | Reached skill level 12 in Ranged Weapons
  7298 | D:8      | Reached XP level 10. HP: 8/41 MP: 11/11
  7484 | D:8      | Reached skill level 13 in Ranged Weapons
  7944 | D:8      | Reached *** piety under Hepliaklqana
  7953 | D:9      | Noticed an obsidian statue
  8220 | D:9      | Noticed an ice statue
  8315 | D:9      | Reached skill level 14 in Ranged Weapons
  9252 | D:10     | Entered Level 10 of the Dungeon
  9259 | D:10     | Reached skill level 15 in Ranged Weapons
  9328 | D:10     | Noticed a deep elf pyromancer
  9328 | D:10     | Noticed a manticore
  9521 | D:10     | Noticed a two-headed ogre
  9533 | D:10     | Slain by a two-headed ogre

Illustrated notes

Levels and vault maps discovered:
D:1:      dpeg_arrival_rhombus, layout_rooms, chequers_ecumenical_altar_simple,
          serial_bayou_pond_e
D:2:      layout_basic, uniq_terence
D:3:      layout_loops_ring, vehumet_altar_wand_db
D:4:      layout_gridville, minmay_temple_entry_wispy, serial_shops,
          nicolae_shop_overgrown_old_shop, gup_ossuary_entry_pyramid
D:5:      layout_loops_corners, lexackson_kobold_supper, uniq_crazy_yiuf_cottage
D:6:      layout_rooms, serial_shops, nicolae_shop_advertising_works
          [nicolae_subvault_shop_adworks]
D:7:      layout_rooms, nicolae_concentric_dashed_squares_mild
D:8:      layout_basic, minmay_tree_intersection, uniq_prince_ribbit1,
          uniq_pikel
D:9:      minmay_separated_statues, layout_irregular_city
D:10:     layout_cave_pods, lightli_bailey_entry_fortress,
          minmay_shattered_shrine, uniq_snorg, uniq_harold
Temple:   grunt_wide_crystal_templ

Skill      XL: |  1  2  3  4  5  6  7  8  9 10 |
---------------+-------------------------------+-----
Dodging        | 3 4 5 6 7 9 10 | 10.0
Ranged Weapons | 5 6 7 8 10 12 15 | 15.4
Fighting       | |  1.5
Stealth        | |  1.5

Action                     |  1- 3 |  4- 6 |  7- 9 | 10-12 || total
---------------------------+-------+-------+-------+-------++-------
   Fire: Shortbow          |   106 |   329 |   362 |   224 ||  1021
 Invoke: Recall Ancestor   |       |     1 |       |       ||     1
         Ancestor Identity |       |       |     1 |       ||     1
         Ancestor Life: He |       |       |     1 |       ||     1
    Use: Scroll            |       |     7 |     5 |     8 ||    20
 Armour: Robe              |     2 |     8 |     8 |     1 ||    19
  Dodge: Dodged            |    25 |    76 |   116 |    42 ||   259
